 Dungeon Crawl Stone Soup version 0.30-a0-930-gb9d0489357 (webtiles) character file.

Game seed: 334542743213987354

77 lunkers the Cudgeller (level 4, -7/36 HPs)
             Began as a Meteoran Reaver on Mar 23, 2023.
             Mangled by an iguana (13 damage)
             ... on level 4 of the Dungeon.
             The game lasted 00:03:06 (1083 turns).

lunkers the Cudgeller (Meteoran Reaver)             Turns: 1083, Time: 00:03:07

Health: -7/36      AC:  5    Str: 15    XL:     4   Next: 89%
Magic:  9/9        EV: 12    Int: 14    God:
Gold:   41         SH:  0    Dex: 13    Spells: 7/8 levels left

rFire   . . .      SeeInvis .    a - +0 mace
rCold   . . .      Faith    .    (no shield)
rNeg    . . .      Spirit   .    b - +0 leather armour
rPois   +          Reflect  .    k - +0 helmet
rElec   .          Rampage  .    (no cloak)
rCorr   .                        e - +0 pair of gloves
Will    .....                    (no boots)
Stlth   +                        (no amulet)
HPRegen 0.26/turn                j - ring of poison resistance
MPRegen 0.11/turn                (no ring)

@: glowing
A: sense surroundings 1, otherworldly, glowing, explore regen
a: no special abilities


You were on level 4 of the Dungeon.
You visited 1 branch of the dungeon, and saw 4 of its levels.

You collected 41 gold pieces.

Inventory:

Hand Weapons
 a - a +0 mace (weapon)
Armour
 b - a +0 leather armour (worn)
 e - a +0 pair of gloves (worn)
 k - a +0 helmet (worn)
Jewellery
 j - a ring of poison resistance (left hand)
Scrolls
 f - 3 scrolls of vulnerability
 g - a scroll of immolation {unknown}
 i - a scroll of teleportation {unknown}
 n - a scroll of enchant armour {unknown}
 p - a scroll of blinking {unknown}
 q - a scroll of fear {unknown}
 r - 2 scrolls of enchant weapon {unknown}
Potions
 c - 2 potions of heal wounds
 d - a potion of curing
 h - a potion of experience
 l - a potion of resistance {unknown}
 m - a potion of brilliance {unknown}
 o - 2 potions of lignification {unknown}


   Skills:
 - Level 2.1 Fighting
 + Level 6.7 Maces & Flails
 - Level 2.4 Dodging
 - Level 2.6 Spellcasting
 - Level 3.6 Conjurations


You had 7 spell levels left.
You knew the following spells:

 Your Spells              Type           Power      Damage    Failure   Level
p - Kiss of Death         Conj/Necr      24%        2d7       13%         1

Your spell library contained the following spells:

 Spells                   Type           Power      Damage    Failure   Level
 Momentum Strike          Conj/Tloc      12%        3d8       21%         2
 Hailstorm                Conj/Ice       6%         3d4       36%         3
 Confusing Touch          Hex            1%         N/A       63%         3
 Dispel Undead            Necr           1%         3d6       95%         4


Dungeon Overview and Level Annotations

Branches:
Dungeon (4/15) Zot: 1296
 Temple: D:4-7

Altars:


Innate Abilities, Weirdness & Mutations

You passively map a small area around you.
You are easily found by Zot.
You glow in the dark.
You regain HP and MP as you explore.


Message History

The orc wizard gestures wildly while chanting.
The orc wizard flickers and vanishes!
Deactivating autopickup; reactivate with Ctrl-A.
The orc priest hits you but does no damage.
The orc hits you but does no damage.
You hit the orc.
The orc is almost dead.
The orc priest barely misses you. The orc misses you.
The orc closely misses you. The orc attacks as you move away!
The orc hits you with a +0 whip.
You hit the orc but do no damage.
The bullfrog hits you but does no damage.
The bullfrog hits you.
The orc priest calls upon Beogh to heal the orc.
The orc is healed somewhat.
The orc hits you but does no damage. The orc hits you with a +0 whip.
You miss the bullfrog. The bullfrog barely misses you.
The orc priest hits you with a +0 falchion.
The orc hits you but does no damage. The bullfrog hits you.
You feel less confused.
The orc priest hits you with a +0 falchion.
The orc hits you with a +0 whip. The bullfrog attacks as you move away!
The bullfrog barely misses you. The iguana barely misses you.
The bullfrog hits you.
* * * LOW HITPOINT WARNING * * *
The goblin attacks as you move away! The goblin barely misses you.
The orc hits you with a +0 whip. The iguana bites you!
* * * LOW HITPOINT WARNING * * *
The orc hits you with a +0 whip.
* * * LOW HITPOINT WARNING * * *
The bullfrog hits you.
* * * LOW HITPOINT WARNING * * *
There is a stone staircase leading up, spattered with blood here.
Unknown command.
Unknown command.
The bullfrog hits you.
* * * LOW HITPOINT WARNING * * *
The iguana bites you!
You die...

########### *######
* *
..........###...$.#
*
...........#.......
,
...................
,
,.........oog.......
[...?....ooF.......
, ,
.........{l@.......,
, , ,
...................
, ,
.......<...........
,
.>.................
#.......##.......#.
*
......#.##....##...
####.........## ...
* ....###..... .. *
..... .... ,


You could see a bullfrog, an iguana, an orc priest, 3 orcs and a goblin.

Vanquished Creatures
  2 adders (D:2)
  2 worms
  2 dart slugs (D:2)
  6 orcs (D:3)
  2 endoplasms (D:1)
  4 giant cockroaches
  2 goblins
  2 hobgoblins
  2 kobolds
  2 quokkas
  3 ball pythons
  3 bats
  3 frilled lizards
  7 rats
42 creatures vanquished.

Notes
Turn   | Place    | Note
-------+----------+-------------------------------------------
     0 | D:1      | lunkers the Meteoran Reaver began the quest for the Orb.
     0 | D:1      | Reached XP level 1. HP: 17/17 MP: 5/5
    62 | D:1      | Reached XP level 2. HP: 16/24 MP: 6/6
   293 | D:1      | Reached skill level 5 in Maces & Flails
   309 | D:1      | Reached XP level 3. HP: 25/29 MP: 8/8
   495 | D:2      | Reached XP level 4. HP: 30/36 MP: 9/9
   512 | D:2      | Reached skill level 6 in Maces & Flails
  1069 | D:4      | Noticed a bullfrog
  1083 | D:4      | Mangled by an iguana

Illustrated notes

Levels and vault maps discovered:
D:1:      psy_arrival_dodecagon, layout_loops_corners,
          chequers_hall_statues_wall_a, minmay_large_rounded_square,
          minivault_23
D:2:      layout_basic
D:3:      layout_loops_ring
D:4:      layout_rooms, grunt_temple_overflow_order_and_chaos_2,
          lightli_minifort, uniq_duvessa

Skill      XL: |  1  2  3  4 |
---------------+-------------+-----
Maces & Flails | 5 6 |  6.7
Fighting       | |  2.1
Dodging        | |  2.4
Spellcasting   | |  2.6
Conjurations   | |  3.6

Action                     |  1- 3 |  4- 6 || total
---------------------------+-------+-------++-------
  Melee: Mace              |    83 |    74 ||   157
         Punch             |     1 |     1 ||     2
    Use: Scroll            |     3 |     1 ||     4
 Armour: Leather armour    |    29 |    20 ||    49
  Dodge: Dodged            |    57 |    44 ||   101

Table legend: (Time is in decaauts)
 A = Elapsed time spent in this place.
 B = Non-inter-level travel time spent in this place.
 C = Inter-level travel time spent in this place.
 D = Time resting spent in this place.
 E = Time spent auto-exploring this place.
 F = Levels seen in this place.
 G = Mean time per level.
                   A        B        C        D        E       F      G
               +--------+--------+--------+--------+--------+-----+--------+
         Total |   1102 |   1085 |     17 |      0 |    687 |   4 |  275.5 |
       Dungeon |   1102 |   1085 |     17 |      0 |    687 |   4 |  275.5 |
               +--------+--------+--------+--------+--------+-----+--------+

Top non-repeatable levels by time:
     D:3: 367 daAuts
     D:1: 364 daAuts
     D:2: 351 daAuts
     D:4: 18 daAuts
